 Dungeon Crawl Stone Soup version 0.26-a0-752-gcff87cac9a (webtiles) character file.

Game seed: 1708676384575774598

91 Queen the Firebug (level 4, -11/33 HPs)
             Began as a Draconian Fire Elementalist on Nov 6, 2020.
             Mangled by an iguana (12 damage)
             ... on level 3 of the Dungeon.
             The game lasted 00:06:43 (2822 turns).

Queen the Firebug (Draconian Fire Elementalist)     Turns: 2822, Time: 00:06:44

Health: -11/33     AC:  5    Str: 11    XL:     4   Next: 33%
Magic:  3/8        EV: 12    Int: 16    God:
Gold:   65         SH:  5    Dex: 11    Spells: 7/8 levels left

rFire    . . .     SeeInvis .   (no weapon)
rCold    . . .     Faith    .   (no shield)
rNeg     . . .     Spirit   .   (armour unavailable)
rPois    .         Reflect  +   (helmet restricted)
rElec    .         Harm     .   (no cloak)
rCorr    .         Rampage  .   (no gloves)
MR       .....                  (no boots)
Stlth    ++........             j - amulet of reflection
HPRegen  0.11/turn              (no ring)
MPRegen  0.11/turn              (no ring)

@: very slightly contaminated
A: unfitting armour, cold-blooded, AC +5
a: no special abilities


You were on level 3 of the Dungeon.
You visited 1 branch of the dungeon, and saw 4 of its levels.

You collected 65 gold pieces.

Inventory:

Jewellery
 j - an amulet of reflection (around neck)
 m - an uncursed ring of protection from cold {unknown}
Wands
 n - a wand of flame (11)
Scrolls
 a - 2 scrolls of identify {unknown}
 b - 2 scrolls of teleportation {unknown}
 d - 3 scrolls of remove curse {unknown}
 f - 4 scrolls of fear {unknown}
 g - a scroll of noise {unknown}
 l - a scroll of enchant armour {unknown}
Potions
 c - 2 potions of might {unknown}
 e - a potion of berserk rage {unknown}
 h - a potion of brilliance {unknown}
 i - a potion of curing {unknown}
 k - a potion of flight {unknown}


   Skills:
 + Level 2.0 Dodging
 - Level 2.0 Stealth
 + Level 2.8 Spellcasting
 + Level 2.0 Conjurations
 + Level 4.1 Fire Magic


You had 7 spell levels left.
You knew the following spells:

 Your Spells              Type           Power        Failure   Level
a - Foxfire               Conj/Fire      ##..         5%          1

Your spell library contained the following spells:

 Spells                   Type           Power        Failure   Level
 Conjure Flame            Conj/Fire      ##......     16%         3
 Inner Flame              Hex/Fire       #.......     24%         3
 Sticky Flame             Conj/Fire      ##......     47%         4
 Fireball                 Conj/Fire      ##........   83%         5


Dungeon Overview and Level Annotations

Branches:
Dungeon (4/15)
 Temple: D:4-7

Altars:


Innate Abilities, Weirdness & Mutations

Your plain brown scales are hard. (AC +5)
You cannot fit into any form of body armour.
You are cold-blooded and may be slowed by cold attacks.


Message History

You completely miss the iguana.
You tail-slap the iguana, but do no damage.
The iguana is severely wounded.
The iguana misses you.
You closely miss the iguana.
The iguana is severely wounded.
You block the iguana's attack. The iguana bites you.
You climb upwards.
There is a stone staircase leading down here.
Casting: Foxfire (safe; 5% risk of failure)
Confirm with . or Enter, or press ? or * to list all spells.
You miscast Foxfire.
You are very lightly contaminated with residual magic.
Nothing appears to happen.
The iguana bites you!
* * * LOW HITPOINT WARNING * * *
Casting: Foxfire (safe; 5% risk of failure)
Confirm with . or Enter, or press ? or * to list all spells.
You conjure some foxfire!
The iguana bites you!
You die...

#########
#.##.......
#..#......
#.!#..... ## #
#..#.. .# #..?
#.###..#.##.#(....
.......#.lv...#
........†v@.#
....[....####
......†#.# .#.#
(......#.# .#.#
.......#^# #...
.......[.# ##..
.......#(###.[#
..........##..#
###..#†##.##..#


You could see an iguana.

Vanquished Creatures
  2 adders (D:2)
  2 worms (D:2)
  2 dart slugs
  4 leopard geckos
  An orc (D:3)
  2 ball pythons
  8 bats
  3 giant cockroaches
  3 goblins (D:2)
  10 hobgoblins
  7 kobolds
  6 frilled lizards
  8 rats
58 creatures vanquished.

Vanquished Creatures (others)
  149 foxfires
149 creatures vanquished.

Grand Total: 207 creatures vanquished

Notes
Turn   | Place    | Note
-------+----------+-------------------------------------------
     0 | D:1      | Queen the Draconian Fire Elementalist began the quest for
                  | the Orb.
     0 | D:1      | Reached XP level 1. HP: 14/14 MP: 3/3
   340 | D:1      | Reached XP level 2. HP: 20/20 MP: 3/5
  1313 | D:1      | Reached XP level 3. HP: 26/26 MP: 4/6
  1940 | D:2      | Reached XP level 4. HP: 29/33 MP: 4/8
  2250 | D:2      | Reached skill level 4 in Fire Magic
  2821 | D:3      | HP: 1/33 [iguana (11)]
  2822 | D:3      | Mangled by an iguana

Illustrated notes

Levels and vault maps discovered:
D:1:      lightli_arrival_chessboard, layout_basic
D:2:      layout_basic, minmay_hexomino_p4
D:3:      cheibrodos_old_hovel, layout_rooms, cheibriados_altar_1,
          elyvilon_altar_1, chequers_ecumenical_altar_twisty, uniq_sigmund,
          uniq_robin
D:4:      layout_basic, nemelex_xobeh_ov_fountains_minmay, uniq_edmund,
          uniq_eustachio, uniq_blork_the_orc, uniq_natasha

Skill      XL: |  1  2  3  4 |
---------------+-------------+-----
Dodging        | 2 |  2.0
Fire Magic     | 4 |  4.1
Stealth        | 2 |  2.0
Conjurations   | 2 |  2.0
Spellcasting   | |  2.8

Action                   |  1- 3 |  4- 6 || total
-------------------------+-------+-------++-------
Melee: Unarmed           |    10 |    11 ||    21
       Tailslap          |     2 |     2 ||     4
 Cast: Foxfire           |    62 |    35 ||    97
Armor: Skin              |    11 |     7 ||    18
Dodge: Dodged            |    10 |    23 ||    33
Block: Other             |     2 |    10 ||    12
       Reflection        |       |     1 ||     1

Table legend: (Time is in decaauts)
 A = Elapsed time spent in this place.
 B = Non-inter-level travel time spent in this place.
 C = Inter-level travel time spent in this place.
 D = Time resting spent in this place.
 E = Time spent auto-exploring this place.
 F = Levels seen in this place.
 G = Mean time per level.
                   A        B        C        D        E       F      G
               +--------+--------+--------+--------+--------+-----+--------+
         Total |   2822 |   2782 |     40 |     85 |   2299 |   4 |  705.5 |
       Dungeon |   2822 |   2782 |     40 |     85 |   2299 |   4 |  705.5 |
               +--------+--------+--------+--------+--------+-----+--------+

Top non-repeatable levels by time:
     D:1: 1384 daAuts
     D:2: 1307 daAuts
     D:4: 72 daAuts
     D:3: 58 daAuts
